 Dungeon Crawl Stone Soup version 0.18-a0-1293-g5a2c81a (webtiles) character file.

34 Tomstefer the Chopper (level 3, 0/27 HPs)
             Began as a Demonspawn Gladiator on Feb 10, 2016.
             Succumbed to an adder's poison
             ... on level 1 of the Dungeon.
             The game lasted 00:02:56 (1185 turns).

Tomstefer the Chopper (Demonspawn Gladiator)        Turns: 1185, Time: 00:02:56

Health: 0/27       AC:  7    Str: 16    XL:     3   Next: 14%
Magic:  3/3        EV: 11    Int:  9    God:
Gold:   25         SH:  0    Dex: 13    Spells: 0 memorised, 2 levels left

rFire  . . .     SeeInvis .     a - +0 war axe
rCold  + . .     Gourm    .     i - +1 ring mail {rC+}
rNeg   . . .     Faith    .     (no shield)
rPois  .         Spirit   .     c - +0 helmet
rElec  .         Dismiss  .     (no cloak)
rCorr  .         Reflect  .     (no gloves)
SustAt .         Harm     .     (no boots)
MR     .....                    (no amulet)
Stlth  +.........               (no ring)
                                (no ring)

@: lethally poisoned (0 -> -6), not resistant to hostile enchantments, very
unstealthy
A: claws 1, powered by pain 1
a: no special abilities


You were on level 1 of the Dungeon.
You were hungry.

You visited 1 branch of the dungeon, and saw 2 of its levels.

You collected 25 gold pieces.

Inventory:

Hand Weapons
 a - a +0 war axe (weapon)
Missiles
 d - 3 throwing nets (quivered)
Armour
 b - a +0 leather armour
 c - a +0 helmet (worn)
 i - a +1 ring mail of cold resistance (worn)
Jewellery
 m - a +3 ring of dexterity {unknown}
Scrolls
 h - a scroll of enchant weapon {unknown}
 j - a scroll of magic mapping {unknown}
 n - a scroll of identify {unknown}
Potions
 e - a potion of degeneration {unknown}
 k - a potion of cure mutation {unknown}
 l - a potion of lignification {unknown}
Comestibles
 f - 2 bread rations
 g - a meat ration


   Skills:
 - Level 2.0 Fighting
 + Level 3.9 Axes
 - Level 1.7 Throwing
 - Level 2.6 Dodging


You had 2 spell levels left.
You didn't know any spells.

Dungeon Overview and Level Annotations

Branches:
Dungeon (2/15)

Altars:


Innate Abilities, Weirdness & Mutations

You have sharp fingernails.
You sometimes gain a little power by taking damage.


Message History

You feel sick. The adder bites you but does no damage.
There is a stone staircase leading up here.
* * * LOW HITPOINT WARNING * * *
You feel sick. The adder bites you but does no damage.
You climb upwards.
* * * LOW HITPOINT WARNING * * *
You feel sick.
There is a stone staircase leading down here.
You closely miss the adder.
The adder is lightly wounded.
* * * LOW HITPOINT WARNING * * *
You feel sick. The adder barely misses you.
The adder bites you but does no damage.
You closely miss the adder.
The adder is lightly wounded.
The adder misses you.
You completely miss the adder.
The adder is lightly wounded.
You die...

#.......# ####### #.#####.#
#.....# #.# #.#########.###.#
###########.## #.............#.#
.............# #....######.#.#.#
#####.###.#..####.##.# #.....#
..................##.######.#.#.#
#.#####.#.#..######..............
#.# #..........S@....######.#.#.#
#.# #.#.#.#..#######.#######...##
..###.#).....# #..............
#.....###....#### ##.####.#######
..##### ###.....# ### #.# # ..#
#..##.# #.# # ..# #..##.#
#.####### ..##
#..##.#########.##.....
...########..#.............#.####


You could see an adder.

Vanquished Creatures
  A gnoll (D:1)
  A giant gecko (D:1)
  A bat (D:1)
  A giant cockroach (D:1)
  2 goblins (D:1)
  2 hobgoblins (D:1)
  2 jackals (D:1)
  A quokka (D:2)
  2 giant newts (D:1)
  7 kobolds
  3 rats (D:1)
23 creatures vanquished.

Notes
Turn   | Place    | Note
--------------------------------------------------------------
     0 | D:1      | Tomstefer the Demonspawn Gladiator began the quest for the Orb.
     0 | D:1      | Reached XP level 1. HP: 16/16 MP: 1/1
    88 | D:1      | Reached skill level 3 in Axes
   285 | D:1      | Gained mutation: You sometimes gain a little power by taking damage. [demonic ancestry]
   285 | D:1      | Reached XP level 2. HP: 20/22 MP: 2/2
   908 | D:1      | Gained mutation: You have sharp fingernails. [demonic ancestry]
   908 | D:1      | Reached XP level 3. HP: 27/27 MP: 3/3
  1183 | D:1      | HP: 1/27 [poisoned by an adder]
  1185 | D:1      | Succumbed to an adder's poison

Vault maps used:
D:1:      minmay_arrival_plants_in_alcoves
D:2:      minmay_misc_feat_five

Action                   || total
-------------------------++-------
Melee: War axe           ||    86
